 Dungeon Crawl Stone Soup version 0.30-a0-576-g89cddaab80 (webtiles) character file.

Game seed: 12065428452883511132

10518 avis the Skirmisher (level 11, -5/77 (91) HPs)
             Began as a Demigod Ice Elementalist on Dec 30, 2022.
             Blown up by a lich (15 damage)
             ... with a wavering orb of destruction
             ... on level 1 of the Abyss on Dec 31, 2022.
             The game lasted 01:32:31 (12605 turns).

avis the Skirmisher (Demigod Ice Elementalist)     Turns: 12605, Time: 01:32:31

HP:   -5/77 (91)    AC: 17    Str:  9    XL:     11   Next: 15%
MP:   9/19          EV: 21    Int: 17    God:
Gold: 471           SH:  6    Dex: 26    Spells: 9/16 levels left

rFire   . . .      SeeInvis .    a - +0 short sword (flame)
rCold   . . .      Faith    .    K - +0 buckler
rNeg    . . .      Spirit   .    P - +0 steam dragon scales
rPois   +          Reflect  .    p - +1 hat
rElec   .          Harm     .    Q - +0 cloak
rCorr   .          Rampage  .    (no gloves)
Will    +....                    (no boots)
Stlth   +++                      u - amulet of regeneration
HPRegen 1.12/turn                g - +4 ring of protection
MPRegen 0.16/turn                J - ring of poison resistance

@: ice-armoured (expiring), slowed, heavily drained, very slow
A: high MP 1, forlorn, divine attributes
a: no special abilities


You were on level 1 of the Abyss.
You visited 2 branches of the dungeon, and saw 10 of its levels.
You visited the Abyss 1 time.
You also visited: Ossuary.

You collected 471 gold pieces.

Inventory:

Hand Weapons
 a - a +0 short sword of flaming (weapon)
 b - a +0 sling
 c - a +4 dagger of venom
 w - a +0 arbalest
 F - a -2 demon whip of venom
 M - a +1 spear
Missiles
 C - 24 poisoned darts
 H - a throwing net
Armour
 p - a +1 hat (worn)
 K - a +0 buckler (worn)
 N - a +1 leather armour of willpower
 P - +0 steam dragon scales (worn)
 Q - a +0 cloak (worn)
Jewellery
 g - a +4 ring of protection (left hand)
 u - an amulet of regeneration (around neck)
 x - a ring of flight
 E - an amulet of the acrobat
 G - a ring of fire
 J - a ring of poison resistance (right hand)
Wands
 f - a wand of polymorph (3)
 z - a wand of mindburst (8)
 L - a wand of paralysis (7)
Scrolls
 d - a scroll of poison {unknown}
 e - 2 scrolls of teleportation
 i - a scroll of fog {unknown}
 j - 2 scrolls of magic mapping {unknown}
 m - a scroll of acquirement {unknown}
 n - 3 scrolls of torment {unknown}
 o - 2 scrolls of silence {unknown}
 t - 5 scrolls of amnesia {unknown}
 v - a scroll of brand weapon {unknown}
 y - 2 scrolls of noise {unknown}
 B - 3 scrolls of fear {unknown}
 D - 2 scrolls of enchant weapon {unknown}
 I - a scroll of enchant armour {unknown}
Potions
 h - a potion of flight {unknown}
 l - 2 potions of brilliance
 q - 2 potions of cancellation
 r - 5 potions of might
 A - 2 potions of magic


   Skills:
 * Level 6.5 Fighting
 - Level 10.0 Ranged Weapons
 - Level 10.0 Dodging
 - Level 2.0 Stealth
 - Level 4.0 Shields
 - Level 3.0 Spellcasting
 - Level 5.0 Ice Magic


You had 9 spell levels left.
You knew the following spells:

 Your Spells              Type           Power      Damage    Failure   Level
a - Freeze                Ice            76%        1d8       2%          1
o - Ozocubu's Armour      Ice            19%        N/A       9%          3
r - Frozen Ramparts       Ice            38%        1d6       9%          3

Your spell library contained the following spells:

 Spells                   Type           Power      Damage    Failure   Level
 Cigotuvi's Dreadful Rot  Necr/Pois/Air  4%         N/A       32%         2
 Summon Ice Beast         Ice/Summ       11%        N/A       61%         4
 Dispel Undead            Necr           2%         3d7       91%         4
 Death Channel            Necr           1%         N/A       100%        6


Dungeon Overview and Level Annotations

Branches:
Dungeon (9/15)             Temple (1/1) D:4         Ossuary (visited)
   Lair: D:8-11         Orc: D:9-12

Shops:
D:8 [

Annotations:
D:7 1 runed translucent door, lotum's ghost, novice DrCj


Innate Abilities, Weirdness & Mutations

You have an increased reservoir of magic. (+10% MP)
You shall have no god before yourself.
Your divine heritage dramatically boosts your attributes as you level up.


Message History

* * * LOW HITPOINT WARNING * * *
You feel drained.
The wall freezes something but does no damage.
Something completely misses you.
The wall freezes the deep elf sorcerer.
Your icy armour and frozen ramparts will break if you move.
Continue?
Okay, then.
You barely miss something.
The wall freezes something but does no damage.
Something touches you but does no damage.
The wall freezes something but does no damage.
You block something's attack.
The wall freezes the deep elf sorcerer.
You miss something.
The wall freezes something but does no damage.
Something touches you but does no damage.
The wall freezes something but does no damage.
Something touches you.
* * * LOW HITPOINT WARNING * * *
You feel drained.
The wall freezes the deep elf sorcerer.
The wall freezes something but does no damage.
Something touches you but does no damage.
You hit something. You burn something.
The wall freezes something but does no damage.
You block something's attack.
The wall freezes the deep elf sorcerer.
The wall freezes something but does no damage.
Something barely misses you.
You miss something.
Your icy armour starts to melt.
The frozen ramparts melt away.
Something barely misses you. Something touches you.
* * * LOW HITPOINT WARNING * * *
You feel drained. Something touches you.
* * * LOW HITPOINT WARNING * * *
You feel drained.
You hit something but do no damage.
You hear some strange, mumbled words.
A bolt of cold appears from out of thin air!
The bolt of cold misses you.
Something conjures a glowing orb.
The wavering orb of destruction weakly hits you!
You die...

.. .# # ..
# # .# . .
#. . ..
...# .. . #
.. e #.#.#
# . ###...
# #.
##....##
.##.
#.##### .
..# . #@# #
....#.#e{.#
##...##.#
.## ....#
.#....# .#
..#.# #.#.#
.##.##
#....# ~. .
.. # ... .
. #. #.# ยง
~. .. ##


You could see a deep elf sorcerer (fast).

Vanquished Creatures
  A very ugly thing (Abyss:1)
  3 two-headed ogres
  Amaemon (D:8)
  A glowing orange brain (Abyss:1)
  Joseph (D:7)
  An orange demon (D:8)
  A smoke demon (Abyss:1)
  A hellwing (Abyss:1)
  A hornet (D:7)
  2 raiju (Abyss:1)
  A small abomination (Abyss:1)
  A wyvern (D:7)
  2 steam dragons (D:8)
  Grum (D:8)
  A water moccasin (D:8)
  Duvessa (D:7)
  An orc warrior (D:6)
  2 sky beasts
  2 ice beasts
  4 black bears
  An ogre (D:5)
  4 wolves (D:8)
  2 phantoms (D:5)
  2 kobold brigands
  2 gnoll sergeants
  2 necrophages
  7 scorpions (Ossuary)
  Dowan (D:7)
  8 killer bees
  5 electric eels (D:6)
  2 howler monkeys
  3 centaur zombies (Ossuary)
  A gnoll bouda (D:8)
  4 hounds
  6 jellies
  3 human zombies (Ossuary)
  3 orc priests
  An iron imp (Abyss:1)
  Crazy Yiuf (D:7)
  6 iguanas
  4 scorpion zombies (Ossuary)
  3 orc wizards
  4 mummies
  18 gnolls
  6 adders
  4 shadow imps
  3 white imps (D:6)
  2 ufetubi
  3 worms
  2 dart slugs
  20 orcs
  5 bats
  5 endoplasms
  2 gnoll zombies (Ossuary)
  8 goblins
  9 hobgoblins
  14 jackals
  6 quokkas
  9 ball pythons
  3 frilled lizards
  3 goblin zombies (Ossuary)
  4 hobgoblin zombies (Ossuary)
  16 kobolds
  A kobold zombie (Ossuary)
  2 orc zombies (Ossuary)
  3 rats
252 creatures vanquished.

Vanquished Creatures (others)
  2 withered plants (D:7)
2 creatures vanquished.

Grand Total: 254 creatures vanquished

Notes
Turn   | Place    | Note
-------+----------+-------------------------------------------
     0 | D:1      | avis the Demigod Ice Elementalist began the quest for the
                  | Orb.
     0 | D:1      | Reached XP level 1. HP: 14/14 MP: 5/5
   476 | D:1      | Reached XP level 2. HP: 16/20 MP: 1/7
  1188 | D:2      | Reached XP level 3. HP: 27/27 MP: 6/9
  1192 | D:2      | Learned a level 3 spell: Frozen Ramparts
  1196 | D:2      | Learned a level 3 spell: Ozocubu's Armour
  1246 | D:2      | Reached skill level 1 in Fighting
  1690 | D:2      | Reached XP level 4. HP: 36/36 MP: 8/10
  3135 | D:3      | Reached XP level 5. HP: 39/45 MP: 5/11
  3540 | D:4      | Found a staircase to the Ecumenical Temple.
  3979 | D:4      | Noticed a black bear
  3990 | D:4      | Killed a black bear
  3991 | D:4      | Reached skill level 1 in Ranged Weapons
  3991 | D:4      | Reached XP level 6. HP: 42/52 MP: 5/12
  4468 | Temple   | Entered the Ecumenical Temple
  4520 | D:5      | Entered Level 5 of the Dungeon
  4672 | D:5      | Reached XP level 7. HP: 59/59 MP: 7/13
  5292 | D:5      | Reached skill level 5 in Ice Magic
  5602 | D:5      | Reached skill level 5 in Ranged Weapons
  5892 | D:5      | Reached XP level 8. HP: 45/66 MP: 5/15
  6815 | D:6      | Reached skill level 5 in Dodging
  7218 | D:6      | Noticed a two-headed ogre
  7233 | D:6      | Killed a two-headed ogre
  7234 | D:6      | Reached skill level 5 in Fighting
  7291 | D:6      | Noticed a two-headed ogre
  7364 | D:6      | Killed a two-headed ogre
  7365 | D:6      | Reached XP level 9. HP: 61/74 MP: 8/16
  8117 | D:7      | Noticed Duvessa
  8122 | D:7      | Noticed Dowan
  8127 | D:7      | Killed Dowan
  8140 | D:7      | Killed Duvessa
  8223 | D:7      | Paralysed by a hornet for 2 turns
  8404 | D:7      | Noticed Joseph
  8425 | D:7      | Killed Joseph
  8807 | D:7      | Found a runed translucent door.
  8808 | D:7      | Noticed lotum's ghost (novice DrCj)
  9125 | D:7      | Found a runed translucent door.
  9126 | D:7      | Noticed Crazy Yiuf
  9137 | D:7      | Killed Crazy Yiuf
  9581 | D:8      | Reached XP level 10. HP: 83/83 MP: 8/17
  9644 | D:8      | Found Lyxzusm's Armour Shop.
  9659 | D:8      | Found a sand-covered staircase.
  9671 | Ossuary  | Entered an ossuary
 10203 | D:8      | Identified the +7 flail "Cys Exea" {heavy, rF+}
 10311 | Temple   | Upgraded the game from 0.30-a0-571-gdf30a72648 to
                  | 0.30-a0-576-g89cddaab80
 10593 | D:8      | Noticed Amaemon
 10628 | D:8      | Killed Amaemon
 10629 | D:8      | Reached skill level 10 in Ranged Weapons
 11007 | D:8      | Noticed a two-headed ogre
 11022 | D:8      | Killed a two-headed ogre
 11203 | D:8      | Noticed Grum
 11221 | D:8      | Killed Grum
 11857 | Abyss:1  | Cast into level 1 of the Abyss (gnoll sergeant)
 11943 | Abyss:1  | Reached skill level 10 in Dodging
 11945 | Abyss:1  | Reached skill level 1 in Shields
 12008 | Abyss:1  | Noticed a glowing orange brain
 12041 | Abyss:1  | Killed a glowing orange brain
 12122 | Abyss:1  | Reached XP level 11. HP: 76/89 MP: 19/19
 12151 | Abyss:1  | Noticed a bog body
 12151 | Abyss:1  | Noticed a goliath frog
 12151 | Abyss:1  | Noticed a goliath frog
 12160 | Abyss:1  | HP: 1/89 [large abomination (24)]
 12165 | Abyss:1  | Noticed a goliath frog
 12445 | Abyss:1  | Noticed a red very ugly thing
 12445 | Abyss:1  | Noticed a red very ugly thing
 12446 | Abyss:1  | Noticed a cyan very ugly thing
 12446 | Abyss:1  | Noticed a red very ugly thing
 12447 | Abyss:1  | Noticed a red very ugly thing
 12516 | Abyss:1  | Killed a red very ugly thing
 12567 | Abyss:1  | Noticed a wretched star
 12568 | Abyss:1  | Noticed a lich
 12582 | Abyss:1  | HP: 1/88 [lich (10)]
 12585 | Abyss:1  | Noticed a deep elf sorcerer
 12605 | Abyss:1  | Blown up by a lich

Illustrated notes

Levels and vault maps discovered:
D:1:      onia_arrival_pentagram, layout_loops_ring, hangedman_decor_slide_cut
D:2:      layout_rooms
D:3:      layout_basic, minmay_stone_trees_large, bh_walls_and_bars
D:4:      layout_rooms, minmay_temple_entry_tees, minmay_door_square,
          minmay_goblin_outpost
D:5:      layout_loops_corners, st_stairs_1
D:6:      kennysheep_big_flooded_room, layout_loops_corners,
          nicolae_concentric_dashed_squares_wild
D:7:      layout_loops_ring, grunt_temple_overflow_bloody_war,
          gammafunk_ghost_grave, uniq_crazy_yiuf_cottage, uniq_joseph,
          uniq_duvessa
D:8:      layout_loops_ring, gup_ossuary_entry_pyramid, serial_shops,
          nicolae_shop_statue_plus, uniq_grum, uniq_amaemon
D:9:      layout_rooms, mainiacjoe_overflow_alcove_2,
          ploomutoo_gammafunk_ghost_potion_laboratory
Temple:   nicolae_temple_godpark
Abyss:1:  base:
D:7

Skill      XL: |  1  2  3  4  5  6  7  8  9 10 11 |
---------------+----------------------------------+-----
Ice Magic      | 4 5 |  5.0
Spellcasting   | 2 3 |  3.0
Fighting       | 2 3 4 5 6 |  6.5
Dodging        | 2 3 4 6 8 10 | 10.0
Stealth        | 2 |  2.0
Ranged Weapons | 1 4 5 8 10 | 10.0
Shields        | 3 4 |  4.0

Action                   |  1- 3 |  4- 6 |  7- 9 | 10-12 || total
-------------------------+-------+-------+-------+-------++-------
Melee: Short sword       |    19 |    76 |       |   217 ||   312
       Punch             |       |     1 |     3 |     9 ||    13
       Dagger            |       |    13 |   169 |   154 ||   336
 Fire: Sling             |       |    21 |   205 |   200 ||   426
 Cast: Freeze            |    47 |     5 |       |       ||    52
       Frozen Ramparts   |     2 |    24 |    45 |    30 ||   101
       Ozocubu's Armour  |     1 |    18 |    33 |    28 ||    80
Evoke: Wand              |       |       |       |     6 ||     6
  Use: Scroll            |       |     5 |     2 |     4 ||    11
       Potion            |       |       |     2 |     9 ||    11
 Stab: Sleeping          |     3 |     3 |       |       ||     6
Armor: Robe              |     6 |    24 |    62 |       ||    92
       Leather armour    |       |       |     6 |    77 ||    83
       Steam dragon scal |       |       |       |    74 ||    74
       Skin              |       |       |       |    27 ||    27
Dodge: Dodged            |    57 |    69 |   162 |   443 ||   731
Block: Buckler           |       |       |       |    45 ||    45

Table legend: (Time is in decaauts)
 A = Elapsed time spent in this place.
 B = Non-inter-level travel time spent in this place.
 C = Inter-level travel time spent in this place.
 D = Time resting spent in this place.
 E = Time spent auto-exploring this place.
 F = Levels seen in this place.
 G = Mean time per level.
                   A        B        C        D        E       F      G
               +--------+--------+--------+--------+--------+-----+--------+
         Total |  12573 |  11258 |   1315 |   3603 |   4112 |  12 | 1047.8 |
       Dungeon |  11286 |   9985 |   1301 |   3270 |   4112 |   9 | 1254.0 |
        Temple |     46 |     32 |     14 |      0 |      0 |   1 |   46.0 |
         Abyss |    749 |    749 |      0 |    324 |      0 |   1 |  749.0 |
       Ossuary |    490 |    490 |      0 |      9 |      0 |   1 |  490.0 |
               +--------+--------+--------+--------+--------+-----+--------+

Top non-repeatable levels by time:
     D:6: 2040 daAuts
     D:5: 1791 daAuts
     D:3: 1687 daAuts
     D:8: 1435 daAuts
     D:7: 1302 daAuts
     D:1: 1114 daAuts
     D:4: 1027 daAuts
     D:2: 793 daAuts
 Abyss:1: 749 daAuts
 Ossuary: 490 daAuts
     D:9: 94 daAuts
  Temple: 46 daAuts
